 Dungeon Crawl Stone Soup version 0.31.0-32-g396128a36d (webtiles) character file.

Game seed: 2075817792734334943

5304 TheTpDoctor the Basher (level 10, -1/77 HPs)
             Began as a Demonspawn Berserker on Apr 8, 2024.
             Was a High Priest of Trog.
             Slain by a two-headed ogre
             ... wielding a +0 giant spiked club
              (2 damage)
             ... on level 8 of the Dungeon on Apr 9, 2024.
             The game lasted 00:35:47 (6271 turns).

TheTpDoctor the Basher (Demonspawn Berserker)       Turns: 6271, Time: 00:35:47

Health: -1/77      AC: 16    Str: 21    XL:     10   Next: 37%
Magic:  10/10      EV: 13    Int:  7    God:    Trog [*****.]
Gold:   310        SH:  0    Dex: 14    Spells: 9/9 levels left

rFire   + . .        N - +5 spear
rCold   x . .        (no shield)
rNeg    . . .        B - +3 ring mail
rPois   .            (no helmet)
rElec   .            (no cloak)
rCorr   .            C - +2 pair of gloves
SInv    .            v - +0 pair of boots
Will    .....        (no amulet)
Stlth   ++           E - ring of fire
HPRegen 0.32/turn    (no ring)
MPRegen 0.12/turn

%: no passive effects
@: no status effects
A: spiny 2, sharp scales 2, demonic touch 2
a: Renounce Religion, Berserk, Trog's Hand, Brothers in Arms


You were on level 8 of the Dungeon.
You worshipped Trog.
Trog was extremely pleased with you.
You visited 2 branches of the dungeon, and saw 9 of its levels.
You also visited: Ossuary.

You collected 310 gold pieces.

Inventory:

Hand Weapons
 a - a +0 hand axe
 m - a +2 sling of freezing
 u - a +1 mace of venom
 M - a +2 battleaxe
 N - a +5 spear (weapon)
Missiles
 d - 57 stones (quivered)
 p - 2 boomerangs
 q - 22 poisoned darts
 J - 3 large rocks
Armour
 v - a +0 pair of boots (worn)
 B - a +3 ring mail (worn)
 C - a +2 pair of gloves (worn)
 G - a +2 robe of positive energy
Jewellery
 E - a ring of fire (left hand)
 K - a ring of ice
Wands
 h - a wand of digging (2)
 s - a wand of flame (11)
 D - a wand of charming (17)
Scrolls
 b - 2 scrolls of vulnerability {unknown}
 e - 9 scrolls of identify {unknown}
 i - a scroll of silence {unknown}
 j - a scroll of noise {unknown}
 k - a scroll of revelation {unknown}
 n - 2 scrolls of butterflies {unknown}
 o - 7 scrolls of amnesia {unknown}
 r - 3 scrolls of poison {unknown}
 t - 2 scrolls of teleportation {unknown}
 y - 3 scrolls of immolation {unknown}
 H - a scroll of enchant armour {unknown}
Potions
 c - 4 potions of enlightenment {unknown}
 f - 2 potions of resistance {unknown}
 g - 2 potions of invisibility {unknown}
 l - 3 potions of curing {unknown}
 w - a potion of berserk rage {unknown}
 x - a potion of lignification {unknown}
 z - 2 potions of brilliance {unknown}
 A - a potion of haste
 F - a potion of degeneration {unknown}
 I - a potion of magic {unknown}
 L - a potion of ambrosia {unknown}


   Skills:
 + Level 6.4 Fighting
 + Level 3.9(6.6) Axes
 + Level 8.3(8.7) Maces & Flails
 + Level 1.0(2.6) Polearms
 + Level 3.3 Ranged Weapons
 + Level 7.2 Armour
 + Level 4.8 Dodging
 + Level 2.9 Stealth
 + Level 1.4 Evocations


You had 9 spell levels left.
You didn't know any spells.
Your spell library contained the following spells:

 Spells                   Type           Power      Damage    Failure   Level
 Kiss of Death            Conj/Necr      0%         2d5       56%         1
 Slow                     Hex            0%         N/A       56%         1
 Blink                    Tloc           0%         N/A       71%         2
 Ensorcelled Hibernation  Hex/Ice        0%         N/A       71%         2
 Lesser Beckoning         Tloc           0%         N/A       71%         2
 Momentum Strike          Conj/Tloc      0%         3d8       71%         2
 Confusing Touch          Hex            0%         N/A       91%         3
 Hailstorm                Conj/Ice       0%         3d5       91%         3
 Passwall                 Erth           0%         N/A       91%         3
 Sigil of Binding         Hex            0%         N/A       91%         3
 Summon Ice Beast         Ice/Summ       0%         N/A       91%         3
 Swiftness                Air            0%         N/A       91%         3
 Vampiric Draining        Necr           0%         2d6       91%         3
 Volatile Blastmotes      Fire/Tloc      0%         2d10      91%         3
 Dispel Undead            Necr           0%         3d6       100%        4
 Freezing Cloud           Conj/Ice/Air   0%         6-21      100%        5
 Iskenderun's Battlesphe  Conj           0%         2d6       100%        5
 Plasma Beam              Fire/Air       0%         2x1d10    100%        6
 Sculpt Simulacrum        Ice/Alch       0%         N/A       100%        6


Dungeon Overview and Level Annotations

Branches:
Dungeon (8/15)             Temple (1/1) D:6         Ossuary (visited)
   Lair: D:8-11

Altars:
Ashenzari
Cheibriados
Fedhas
Gozag
Hepliaklqana
Kikubaaqudgha
Makhleb
Nemelex Xobeh
Okawaru
Qazlal
Ru
Sif Muna
Trog
Uskayaw
Vehumet
Wu Jian
Xom
Yredelemnul

Shops:
D:2 (   D:4 *   D:5 (


Innate Abilities, Weirdness & Mutations

You are mostly covered in sharp spines.
You are mostly covered in razor-sharp scales. (AC +2, Slay +2)
Your touch may inflict irresistible damage on your foes.


Message History

You hit the purple ugly thing.
The purple ugly thing is almost dead.
The two-headed ogre barely misses you.
The two-headed ogre hits you but does no damage.
The purple ugly thing closely misses you.
You hit the purple ugly thing.
The purple ugly thing is almost dead.
The purple ugly thing closely misses you.
You puncture the two-headed ogre!
You touch the two-headed ogre.
The two-headed ogre is moderately wounded.
The two-headed ogre hits you with a +0 giant spiked club.
The two-headed ogre hits you but does no damage.
The purple ugly thing is struck by your spines.
The purple ugly thing tentacle-slaps you.
You hit the purple ugly thing.
You kill the purple ugly thing!
Trog accepts your kill.
The two-headed ogre hits you with a +0 giant spiked club!
The two-headed ogre hits you but does no damage.
Your base Polearms skill increases to level 1!
You hit the two-headed ogre.
The two-headed ogre is moderately wounded.
The troll is struck by your spines. The troll misses you. The troll claws you.
* * * LOW HITPOINT WARNING * * *
The troll claws you.
* * * LOW HITPOINT WARNING * * *
You puncture the troll!
The troll is heavily wounded.
The two-headed ogre closely misses you. x2; The troll is struck by your spines.
The troll closely misses you. x2; The troll claws you.
* * * LOW HITPOINT WARNING * * *
You puncture the troll! Your touch misses the troll.
The troll is almost dead.
The troll is struck by your spines.
You kill the troll!
Trog accepts your kill.
The two-headed ogre hits you with a +0 giant spiked club!
* * * LOW HITPOINT WARNING * * *
The two-headed ogre hits you with a +0 giant club.
You die...

#.. #.)....#
#.
#.###.####.#
## .
#.#...#...
... ..
#...###.# #.#
.# #.#.#...#
... ##
#.#.#.#####.#
# #.#...#{?.
#.[.#.#|#
#####).@#
#)#O# ...#Y..
#.#####.# #.
... # #.# ...
##


You could see a two-headed ogre and a yak.

Vanquished Creatures
  Erica (D:8)
  An ugly thing (D:8)
  Maggie (D:7)
  A troll (shapeshifter) (D:8)
  A hornet (D:7)
  Sigmund (D:6)
  A steam dragon (D:7)
  Menkaure (D:5)
  2 water moccasins
  An acid dragon (D:8)
  A black bear (D:6)
  3 ice beasts
  A laughing skull (D:8)
  A sky beast (D:7)
  3 ogres
  2 phantoms
  A kobold brigand (D:8)
  4 bullfrogs
  8 water moccasin zombies (Ossuary)
  3 scorpions
  5 wights (D:8)
  A burial acolyte (Ossuary)
  A killer bee (D:8)
  3 howler monkeys
  3 jellies (D:7)
  5 orc priests
  A sleepcap (D:6)
  Natasha (D:4)
  6 iguanas
  5 orc wizards
  A bullfrog simulacrum (Ossuary)
  A crocodile zombie (Ossuary)
  2 mummies (Ossuary)
  3 gnolls (D:5)
  11 adders
  A shadow imp (D:5)
  2 ufetubi (D:6)
  4 adder zombies (Ossuary)
  4 dart slugs
  2 ribbon worms
  17 orcs
  8 bats
  5 endoplasms
  3 giant cockroaches
  6 gnoll zombies
  5 goblins
  5 hobgoblins
  4 quokkas
  4 ball pythons
  A frilled lizard (D:1)
  3 jackal zombies (Ossuary)
  7 kobolds
  3 orc zombies
  4 rats (D:1)
175 creatures vanquished.

Notes
Turn   | Place    | Note
-------+----------+-------------------------------------------
     0 | D:1      | TheTpDoctor the Demonspawn Berserker began the quest for
                  | the Orb.
     0 | D:1      | Reached XP level 1. HP: 18/18 MP: 1/1
   256 | D:1      | Gained mutation: Your touch may inflict minor irresistible
                  | damage on your foes. [demonic ancestry]
   256 | D:1      | Reached XP level 2. HP: 24/24 MP: 2/2
   309 | D:1      | You fall into a shaft and drop 1 floor!
   351 | D:2      | Found a faded altar of an unknown god.
   524 | D:2      | Gained mutation: You are partially covered in razor-sharp
                  | scales. (AC +1, Slay +1) [demonic ancestry]
   524 | D:2      | Reached XP level 3. HP: 22/29 MP: 3/3
   583 | D:2      | Found Wih Sixuqime's Antique Weapon Shop.
   717 | D:1      | Reached ** piety under Trog
  1223 | D:2      | Gained mutation: You are partially covered in sharp spines.
                  | [demonic ancestry]
  1223 | D:2      | Reached XP level 4. HP: 36/36 MP: 4/4
  2246 | D:4      | Reached skill level 1 in Ranged Weapons
  2246 | D:4      | Reached XP level 5. HP: 20/42 MP: 5/5
  2344 | D:4      | Noticed an ogre
  2353 | D:4      | Killed an ogre
  2354 | D:4      | Reached XP level 6. HP: 39/48 MP: 6/6
  2591 | D:4      | Noticed Natasha
  2595 | D:4      | Killed Natasha
  2603 | D:4      | Found Ihaargh's Elemental Accessories.
  2639 | D:5      | Entered Level 5 of the Dungeon
  2740 | D:5      | Found a sand-covered staircase.
  2763 | Ossuary  | Entered an ossuary
  2771 | Ossuary  | Reached *** piety under Trog
  2804 | Ossuary  | Reached skill level 1 in Maces & Flails
  2825 | Ossuary  | Gained mutation: You are mostly covered in sharp spines.
                  | [demonic ancestry]
  2825 | Ossuary  | Reached XP level 7. HP: 39/54 MP: 7/7
  2922 | Ossuary  | Reached skill level 2 in Maces & Flails
  2922 | Ossuary  | Reached skill level 1 in Stealth
  2959 | Ossuary  | Reached skill level 3 in Maces & Flails
  3097 | D:5      | Gained mutation: You are mostly covered in razor-sharp
                  | scales. (AC +2, Slay +2) [demonic ancestry]
  3097 | D:5      | Reached XP level 8. HP: 56/61 MP: 8/8
  3200 | D:5      | Reached skill level 4 in Maces & Flails
  3316 | D:5      | Noticed Menkaure
  3327 | D:5      | Killed Menkaure
  3327 | D:5      | Reached **** piety under Trog
  3524 | D:5      | Reached skill level 5 in Maces & Flails
  3545 | D:5      | Reached skill level 5 in Fighting
  3598 | D:5      | Reached skill level 5 in Armour
  3698 | D:5      | Found Sowkak's Antique Weapon Shop.
  4037 | D:6      | Reached skill level 6 in Maces & Flails
  4037 | D:6      | Reached XP level 9. HP: 55/68 MP: 9/9
  4101 | D:6      | Got Sif Muna's Excursus on Dynamic Phlogiston
  4136 | D:6      | Found a staircase to the Ecumenical Temple.
  4164 | Temple   | Entered the Ecumenical Temple
  4825 | D:6      | Noticed Sigmund
  4831 | D:6      | Killed Sigmund
  5171 | D:7      | Noticed Maggie
  5181 | D:7      | Killed Maggie
  5182 | D:7      | Reached skill level 7 in Maces & Flails
  5193 | D:7      | Found a flagged portal.
  5975 | D:8      | Noticed Erica
  5976 | D:8      | Reached ***** piety under Trog
  5985 | D:8      | Killed Erica
  5986 | D:8      | Reached skill level 1 in Evocations
  5986 | D:8      | Gained mutation: Your touch may inflict irresistible damage
                  | on your foes. [demonic ancestry]
  5986 | D:8      | Reached XP level 10. HP: 52/76 MP: 10/10
  6168 | D:8      | Reached skill level 8 in Maces & Flails
  6250 | D:8      | Noticed a purple ugly thing
  6253 | D:8      | Noticed a two-headed ogre
  6268 | D:8      | Killed a purple ugly thing
  6269 | D:8      | Reached skill level 1 in Polearms
  6271 | D:8      | HP: 1/77 [two-headed ogre/+0 giant spiked club (16)]
  6271 | D:8      | Slain by a two-headed ogre

Illustrated notes

Levels and vault maps discovered:
D:1:      lemuel_arrival_funnel, layout_loops_ring
D:2:      layout_basic, ebering_ecumenical_altar_mist, serial_shops,
          nicolae_shop_trees, basic_altar, roderic_serpentine_path, st_stairs_8
D:3:      layout_basic, uniq_crazy_yiuf_cottage
D:4:      wad_river_or_something, layout_basic, nicolae_elemental_shop,
          hex_tiny, kennysheep_generic_room_5, uniq_natasha
D:5:      layout_loops_ring, serial_shops, shop, enter_ossuary_3,
          nicolae_the_louvre, uniq_ijyb, uniq_menkaure
D:6:      layout_basic, temple_fountains, uniq_sigmund
D:7:      layout_rooms, enter_bailey_8, hex_medium, uniq_maggie
D:8:      layout_loops_ring, erik_lair_island, nicolae_doodle_vault, uniq_erica
Temple:   compressed_dpeg_triangle_lava_temple

Skill      XL: |  1  2  3  4  5  6  7  8  9 10 |
---------------+-------------------------------+-----
Axes           | 3 |  3.9
Armour         | 2 3 4 5 7 |  7.2
Dodging        | 2 3 4 |  4.8
Ranged Weapons | 1 2 3 |  3.3
Fighting       | 4 5 6 |  6.4
Maces & Flails | 1 3 6 7 8 |  8.3
Stealth        | 1 2 |  2.9
Evocations     | 1 |  1.4
Polearms       | 1 |  1.0

Action                     |  1- 3 |  4- 6 |  7- 9 | 10-12 || total
---------------------------+-------+-------+-------+-------++-------
  Melee: Hand axe          |    62 |       |       |       ||    62
         Touch             |    12 |    11 |    50 |     5 ||    78
         Mace              |       |    54 |   179 |    29 ||   262
         Punch             |       |       |     3 |       ||     3
         Spear             |       |       |       |    19 ||    19
         Battleaxe         |       |       |       |     1 ||     1
   Fire: Sling             |       |    36 |       |       ||    36
 Invoke: Berserk           |       |     1 |       |       ||     1
  Evoke: Wand              |       |       |     7 |       ||     7
    Use: Potion            |       |       |     3 |       ||     3
   Stab: Sleeping          |     1 |       |       |       ||     1
 Armour: Animal skin       |    10 |       |       |       ||    10
         Scale mail        |    47 |    23 |       |       ||    70
         Fire dragon scale |       |    56 |    68 |       ||   124
         Ring mail         |       |       |    76 |    43 ||   119
  Dodge: Dodged            |    56 |    56 |    86 |    34 ||   232
